 Dungeon Crawl Stone Soup version 0.29.1-1-gd02db69 (webtiles) character file.

Game seed: 11103808943708001020

63 Timinator the Insei (level 3, -3/28 HPs)
             Began as a Demigod Transmuter on Dec 22, 2022.
             Killed from afar by an orc wizard (11 damage)
             ... with a puff of flame
             ... on level 2 of the Dungeon.
             The game lasted 00:08:12 (2396 turns).

Timinator the Insei (Demigod Transmuter)            Turns: 2396, Time: 00:08:12

Health: -3/28      AC:  4    Str: 11    XL:     3   Next: 63%
Magic:  8/8        EV: 16    Int: 15    God:
Gold:   119        SH:  0    Dex: 18    Spells: 3/6 levels left

rFire   . . .      SeeInvis .     - Unarmed
rCold   . . .      Faith    .   (no shield)
rNeg    . . .      Spirit   .   l - +0 leather armour
rPois   .          Reflect  .   (no helmet)
rElec   .          Harm     .   (no cloak)
rCorr   .          Rampage  .   a - +0 pair of gloves
Will    .....                   (no boots)
Stlth   +.........              (no amulet)
HPRegen 0.09/turn               m - +4 ring of evasion
MPRegen 0.11/turn               (no ring)

@: confused
A: high MP 1, forlorn, divine attributes
a: no special abilities


You were on level 2 of the Dungeon.
You visited 1 branch of the dungeon, and saw 3 of its levels.

You collected 119 gold pieces.

Inventory:

Armour
 a - a +0 pair of gloves (worn)
 g - a +0 robe
 l - a +0 leather armour (worn)
Jewellery
 m - a +4 ring of evasion (left hand)
Scrolls
 c - 2 scrolls of amnesia {unknown}
 d - 2 scrolls of teleportation {unknown}
 h - 3 scrolls of identify {unknown}
 i - 2 scrolls of silence {unknown}
 n - a scroll of fog {unknown}
Potions
 b - a potion of lignification
 e - a potion of curing {unknown}
 f - a potion of heal wounds {unknown}
 j - a potion of resistance {unknown}
 k - a potion of cancellation {unknown}


   Skills:
 * Level 1.3 Fighting
 * Level 0.8 Armour
 * Level 2.1 Dodging
 + Level 3.1 Unarmed Combat
 + Level 2.0 Spellcasting
 * Level 2.4 Transmutations


You had 3 spell levels left.
You knew the following spells:

 Your Spells              Type           Power      Damage    Failure   Level
a - Beastly Appendage     Tmut           18%        N/A       11%         1
b - Wereblood             Tmut           9%         N/A       16%         2

Your spell library contained the following spells:

 Spells                   Type           Power      Damage    Failure   Level
 Passwall                 Tmut/Erth      4%         N/A       26%         2
 Sandblast                Erth           2%         2d4       28%         1
 Slow                     Hex            4%         N/A       28%         1
 Spider Form              Tmut/Pois      5%         N/A       45%         3
 Stone Arrow              Conj/Erth      2%         3d7       65%         3
 Ice Form                 Ice/Tmut       5%         N/A       86%         4


Dungeon Overview and Level Annotations

Branches:
Dungeon (3/15)


Innate Abilities, Weirdness & Mutations

You have an increased reservoir of magic. (+10% MP)
You shall have no god before yourself.
Your divine heritage dramatically boosts your attributes as you level up.


Message History

You howl as the wereblood boils in your veins!
Your horns disappear.
Your talons disappear.
You feel less confused. Something hits you but does no damage.
You hit something. Something barely misses you.
You closely miss something. Something hits you.
You closely miss something. Something barely misses you.
You completely miss something.
Your primal bloodlust has ended.
Something closely misses you.
You closely miss something. Something hits you but does no damage.
You barely miss something. Something barely misses you.
You hit something. You barely miss something.
Something hits you but does no damage.
You miss something.
You hear some strange, mumbled words.
You are confused.
You hit something. Something hits you.
You bump into the rock wall.
Something hits you but does no damage.
You hit something. Something hits you but does no damage. Something hits you.
There is a stone staircase leading down here.
You bump into the rock wall.
Something hits you but does no damage.
You hear some strange, mumbled words.
Something tries to affect you, but you resist.
Things that are here:
a +0 mace; a silver boomerang You bump into the rock wall.
Something barely misses you.
You bump into the rock wall.
You feel less confused. Something hits you but does no damage.
Something hits you but does no damage.
You hear some strange, mumbled words.
You are confused.
Something hits you.
* * * LOW HITPOINT WARNING * * *
You miss something.
You hear some strange, mumbled words.
A puff of flame appears from out of thin air!
The puff of flame hits you!
You die...

.#
#...'................#.#
.#
#####...#####...#......#
.# #...# #...#.....## .#
##+## #...#....## .# #..#
#........# .# ##.#
#...#....# .####### #.##
#...#....# †......#
#..#####..#....#
.#####.#####..>{@..##....#
#####....# ###.###########
#....#.# #.# #.#..#.# #.#
#......# #.#
###.########.# #...#
#....# ###.# ####.# #.#
#.#


There were no monsters in sight!

Vanquished Creatures
  An adder (D:3)
  A worm (D:3)
  A dart slug (D:2)
  2 orcs
  7 bats
  3 endoplasms
  2 giant cockroaches (D:1)
  6 goblins
  2 hobgoblins (D:1)
  4 jackals (D:1)
  4 quokkas
  5 ball pythons
  4 rats
42 creatures vanquished.

Notes
Turn   | Place    | Note
-------+----------+-------------------------------------------
     0 | D:1      | Timinator the Demigod Transmuter began the quest for the
                  | Orb.
     0 | D:1      | Reached XP level 1. HP: 15/15 MP: 5/5
    83 | D:1      | Reached skill level 1 in Fighting
   476 | D:1      | Reached XP level 2. HP: 18/23 MP: 5/7
   833 | D:1      | Reached skill level 3 in Unarmed Combat
  1026 | D:1      | Got Plato's Writings on Jinxing
  1464 | D:2      | Reached XP level 3. HP: 28/28 MP: 6/8
  2355 | D:2      | Learned a level 2 spell: Wereblood
  2396 | D:2      | Killed from afar by an orc wizard

Illustrated notes

Levels and vault maps discovered:
D:1:      minmay_arrival_solitary_statue, layout_basic,
          shapermc_ecumenical_altar_rom_forum, hex_intersection
D:2:      layout_basic
D:3:      layout_loops_cross

Skill      XL: |  1  2  3 |
---------------+----------+-----
Fighting       | 1 |  1.3
Transmutations | 2 |  2.4
Dodging        | 2 |  2.1
Unarmed Combat | 3 |  3.1
Spellcasting   | 2 |  2.0
Armour         | |  0.8

Action                   || total
-------------------------++-------
Melee: Unarmed           ||   133
       Kick              ||    22
       Headbutt          ||    14
       Punch             ||     1
 Cast: Beastly Appendage ||    20
       Wereblood         ||     1
 Stab: Sleeping          ||     1
Armor: Robe              ||    23
       Leather armour    ||    17
Dodge: Dodged            ||    70
